[Event "Titled Tuesday Blitz November 29 Early 2022"]
[White "Hoffmann, Asa"]
[Black "Rosen, Eric"]
[WhiteFideId "2001470"]
[BlackFideId "2032562"]
[WhiteElo "2117"]
[BlackElo "2362"]
[Result "1-0"]
[Round "01"]
[TimeControl "180+1"]
[Date "2022.11.30"]
[WhiteClock "0:01:01"]
[BlackClock "0:00:01"]

1. d4 d5 2. Bg5 f6 3. Bf4 Nc6 4. Nf3 g5 5. Bg3 h5 6. h3 Bf5 7. e3 e6 8. c4 Bd6 9. Bxd6 Qxd6 10. Nc3 Nge7 11. Qb3 O-O 12. c5 Qd7 13. Be2 Rab8 14. Qd1 b6 15. cxb6 axb6 16. b3 h4 17. Rc1 Ra8 18. O-O Nb4 19. a4 c6 20. Qd2 Qd6 21. Nh2 Bg6 22. f4 e5 23. fxe5 fxe5 24. Nf3 Rf5 25. dxe5 Qd7 26. e4 Rf4 27. Nxg5 Rxf1+ 28. Rxf1 d4 29. Bg4 Qd8 30. Ne2 c5 31. Ne6 Kh7 32. Qg5 Qe8 33. Qxh4+ Kg8 34. N2f4 Nf5 35. exf5 Bf7 36. Qg5+ Bg6 37. Nxg6 Ra7 38. Ne7+ Kf7 39. Qg7# 1-0


[Site "https://www.chess.com"]

[Event "Titled Tuesday Blitz November 29 Early 2022"]
[White "Hrabinska, Myroslava"]
[Black "Ginzburg, Yakov"]
[WhiteFideId "14109190"]
[BlackFideId "4157176"]
[WhiteElo "2171"]
[BlackElo "2305"]
[Result "0-1"]
[Round "01"]
[TimeControl "180+1"]
[Date "2022.11.30"]
[WhiteClock "0:00:04"]
[BlackClock "0:00:09"]

1. e4 c5 2. b4 b6 3. bxc5 bxc5 4. Nc3 e6 5. Nf3 Nc6 6. Bb5 Bb7 7. O-O Nf6 8. e5 Ng4 9. Re1 a6 10. Ba4 d6 11. exd6 Bxd6 12. Ne4 O-O 13. Rb1 Nb4 14. a3 Bc6 15. c3 Bxa4 16. Qxa4 Nd3 17. Nxd6 Nxe1 18. Nxe1 Nxf2 19. Kxf2 Qxd6 20. Nf3 Rab8 21. Rxb8 Rxb8 22. d4 h6 23. Qc4 cxd4 24. Qxd4 Qc7 25. c4 f6 26. Bf4 e5 27. Qd5+ Kh8 28. Be3 Rd8 29. Qe4 Rc8 30. c5 Qd7 31. Qc4 Rc6 32. h3 Kh7 33. Qe4+ Kh8 34. Nh4 Kg8 35. Nf5 Qc7 36. Nd6 Rxc5 37. Bxc5 Qxc5+ 0-1


[Site "https://www.chess.com"]

[Event "Titled Tuesday Blitz November 29 Early 2022"]
[White "Iinuma, Paul Y"]
[Black "Salinas Herrera, Pablo"]
[WhiteFideId "2031809"]
[BlackFideId "3407128"]
[WhiteElo "2066"]
[BlackElo "2557"]
[Result "0-1"]
[Round "01"]
[TimeControl "180+1"]
[Date "2022.11.30"]
[WhiteClock "0:00:14"]
[BlackClock "0:00:36"]

1. d4 d5 2. c4 e6 3. Nf3 Nf6 4. Nc3 c6 5. e3 Nbd7 6. Qc2 Bd6 7. g4 Bb4 8. Bd3 Nxg4 9. Rg1 h5 10. h3 Nh6 11. Bd2 Qf6 12. Ng5 Nf8 13. O-O-O Bd7 14. f4 g6 15. Kb1 Be7 16. Rge1 Nh7 17. h4 Nf5 18. Rh1 Qg7 19. Bc1 Nf6 20. Qf2 Ng4 21. Qg1 O-O-O 22. Qe1 Kb8 23. Nf3 Bc8 24. Ne5 Nxe5 25. fxe5 f6 26. cxd5 exd5 27. e4 dxe4 28. Nxe4 fxe5 29. dxe5 Qxe5 30. Qf2 Ka8 31. Rhe1 Bxh4 32. Ng3 Qxg3 33. Qc5 Rxd3 34. Rg1 Rxd1 35. Rxg3 Bxg3 36. Kc2 Rxc1+ 37. Kxc1 h4 38. Qg1 h3 39. Qh1 h2 40. a4 Bf4+ 41. Kc2 Ng3 0-1


[Site "https://www.chess.com"]

[Event "Titled Tuesday Blitz November 29 Early 2022"]
[White "Ince, Taylan Ruzgar"]
[Black "Lauridsen, Jesper Morch"]
[WhiteFideId "44513089"]
[BlackFideId "1401890"]
[WhiteElo "2147"]
[BlackElo "2240"]
[Result "1-0"]
[Round "01"]
[TimeControl "180+1"]
[Date "2022.11.30"]
[WhiteClock "0:01:27"]
[BlackClock "0:00:13"]

1. Nf3 g6 2. d4 Bg7 3. b3 c5 4. Bb2 Nc6 5. e3 Qa5+ 6. Nbd2 cxd4 7. exd4 Nf6 8. a3 d5 9. b4 Qc7 10. Bd3 Bf5 11. Bxf5 gxf5 12. O-O Rc8 13. c4 dxc4 14. Nxc4 Nd5 15. b5 Na5 16. Nce5 Qc2 17. Rc1 Qxc1 18. Bxc1 Nc3 19. Qd3 Nb3 20. Qxf5 Ne2+ 21. Kh1 O-O 22. Be3 e6 23. Qh5 f6 24. Ng4 Rc2 25. Nh6+ Kh8 26. Ne1 Ra2 27. Nd3 Nexd4 28. Nf4 e5 29. Nd5 Nc5 30. Nf7+ Rxf7 31. Qxf7 h6 32. Nxf6 1-0


[Site "https://www.chess.com"]

[Event "Titled Tuesday Blitz November 29 Early 2022"]
[White "Ingebretsen, Jens E"]
[Black "Samaganova, Aleksandra"]
[WhiteFideId "1522965"]
[BlackFideId "13800221"]
[WhiteElo "2213"]
[BlackElo "1864"]
[Result "0-1"]
[Round "01"]
[TimeControl "180+1"]
[Date "2022.11.30"]
[WhiteClock "0:00:50"]
[BlackClock "0:01:06"]

1. d4 Nf6 2. Nf3 e6 3. e3 b6 4. c4 Bb7 5. Nc3 Bb4 6. Be2 O-O 7. O-O Bxc3 8. bxc3 Ne4 9. Qc2 f5 10. Nd2 Nxd2 11. Bxd2 Nc6 12. f3 Qf6 13. e4 fxe4 14. fxe4 Qg6 15. Bd3 Ne7 16. Bf4 Rac8 17. d5 exd5 18. cxd5 Qg4 19. Bg3 d6 20. c4 Ng6 21. e5 Qd4+ 22. Kh1 Nxe5 23. Bxh7+ Kh8 24. Bf5 Rce8 25. Rf4 Qxa1+ 26. Qb1 Qxb1+ 27. Bxb1 Rxf4 28. Bxf4 Nxc4 0-1


[Site "https://www.chess.com"]

[Event "Titled Tuesday Blitz November 29 Early 2022"]
[White "Jakubowski, Krzysztof"]
[Black "Rios Escobar, Adan"]
[WhiteFideId "1112848"]
[BlackFideId "3403645"]
[WhiteElo "2373"]
[BlackElo "2336"]
[Result "1-0"]
[Round "01"]
[TimeControl "180+1"]
[Date "2022.11.30"]
[WhiteClock "0:01:13"]
[BlackClock "0:00:02"]

1. e4 c5 2. Nf3 d6 3. d4 cxd4 4. Nxd4 Nf6 5. Nc3 a6 6. h3 e5 7. Nde2 h5 8. Bg5 Be6 9. Bxf6 Qxf6 10. Nd5 Qd8 11. Nec3 Nd7 12. Bc4 b5 13. Bb3 Nc5 14. O-O Be7 15. a4 Nxb3 16. cxb3 Rb8 17. axb5 axb5 18. Ra7 Bd7 19. Nxe7 Qxe7 20. Nd5 Qd8 21. Nc7+ Ke7 22. Qd2 Rh6 23. Rfa1 Rg6 24. Kh2 Kf8 25. Nd5 Be6 26. Ne7 Qb6 27. Nxg6+ fxg6 28. R7a6 1-0


[Site "https://www.chess.com"]

[Event "Titled Tuesday Blitz November 29 Early 2022"]
[White "Jiganchine, Roman"]
[Black "Ismayil, Malak"]
[WhiteFideId "2603667"]
[BlackFideId "13412604"]
[WhiteElo "2288"]
[BlackElo "1879"]
[Result "1-0"]
[Round "01"]
[TimeControl "180+1"]
[Date "2022.11.30"]
[WhiteClock "0:00:14"]
[BlackClock "0:00:06"]

1. e4 e5 2. Nf3 Nc6 3. Nc3 Nf6 4. Bb5 d6 5. O-O Be7 6. d4 exd4 7. Nxd4 Bd7 8. Nxc6 Bxc6 9. Bxc6+ bxc6 10. f3 O-O 11. Be3 Nd7 12. Ne2 Bf6 13. Rb1 Qe7 14. Ng3 g6 15. Qd2 Rfb8 16. b3 a5 17. a4 c5 18. f4 Bh4 19. e5 dxe5 20. f5 Bxg3 21. hxg3 Rd8 22. Bg5 f6 23. fxg6 fxg5 24. Qd5+ Kh8 25. Rf7 Nb6 26. Qxa8 Nxa8 27. Rxe7 hxg6 28. Re1 Nb6 29. R1xe5 Rd1+ 30. Kh2 Rd2 31. Rxc5 1-0


[Site "https://www.chess.com"]

[Event "Titled Tuesday Blitz November 29 Early 2022"]
[White "Jobava, Baadur"]
[Black "Bethke, Richard"]
[WhiteFideId "13601520"]
[BlackFideId "12959243"]
[WhiteElo "2582"]
[BlackElo "2369"]
[Result "1-0"]
[Round "01"]
[TimeControl "180+1"]
[Date "2022.11.30"]
[WhiteClock "0:01:38"]
[BlackClock "0:01:12"]

1. b3 Nf6 2. Bb2 e6 3. g3 Be7 4. Bg2 d5 5. Nf3 b6 6. O-O O-O 7. c4 Ba6 8. d3 Nbd7 9. Nbd2 c5 10. e3 Qc7 11. Qe2 Rad8 12. Rac1 Rfe8 13. Rfd1 e5 14. cxd5 Nxd5 15. Nc4 Bf8 16. a4 Nb4 17. Bc3 Nc6 18. Qb2 g6 19. d4 cxd4 20. exd4 e4 21. Nfe5 Ndxe5 22. Nxe5 Nxe5 23. dxe5 Bd3 24. e6 Bc5 25. b4 Rxe6 26. bxc5 bxc5 27. Bh8 f5 28. Rxc5 Qe7 29. Re5 Bc4 30. Rxd8+ Qxd8 31. Rd5 1-0


[Site "https://www.chess.com"]

[Event "Titled Tuesday Blitz November 29 Early 2022"]
[White "Johnson, Donald"]
[Black "Hovhannisyan, Robert"]
[WhiteFideId "30949122"]
[BlackFideId "13302507"]
[WhiteElo "2132"]
[BlackElo "2570"]
[Result "0-1"]
[Round "01"]
[TimeControl "180+1"]
[Date "2022.11.30"]
[WhiteClock "0:00:01"]
[BlackClock "0:00:45"]

1. e4 c6 2. d4 d5 3. e5 Bf5 4. Nf3 e6 5. Be2 Ne7 6. O-O h6 7. a4 c5 8. dxc5 Nec6 9. c3 Bxc5 10. b4 Be7 11. a5 a6 12. Re1 O-O 13. h3 Nd7 14. Bd3 Bg6 15. Bxg6 fxg6 16. Qd3 Rf5 17. Nbd2 Ndxe5 18. Nxe5 Nxe5 19. Qe2 Bd6 20. Nf1 Kh7 21. Be3 Nc4 22. Bd4 e5 23. Be3 Qc7 24. Rad1 d4 25. cxd4 Bxb4 26. Nd2 Nxe3 27. fxe3 exd4 28. exd4 Bxa5 29. Rf1 Rxf1+ 30. Rxf1 Bxd2 31. Qxd2 Rd8 32. Rd1 Rd5 33. Qd3 Qd7 34. Qe4 a5 35. Rd3 a4 36. Qe3 b5 37. Qd2 Qa7 38. Qb2 a3 39. Rxa3 Qxd4+ 40. Qxd4 Rxd4 41. Ra7 g5 42. Rb7 b4 43. Kf2 g4 44. hxg4 Rxg4 45. Kf3 h5 46. Kf2 Kh6 47. Rb5 g6 48. Kf3 Rc4 49. Kf2 Rc2+ 50. Kg1 Rb2 51. Kh2 Rb3 52. Kg1 h4 53. Kh2 g5 54. Kg1 Kh5 55. Kh2 Kg4 56. Rb8 Rb2 57. Rb5 h3 58. Kh1 hxg2+ 59. Kh2 Kh4 60. Rb8 g1=Q+ 61. Kxg1 Kg3 62. Kf1 Rb1+ 63. Ke2 g4 64. Kd2 b3 65. Kc3 Kg2 66. Rg8 g3 67. Rb8 Kg1 68. Rg8 g2 69. Rg7 Kf2 70. Rf7+ Ke3 71. Re7+ Kf4 72. Rf7+ Ke5 73. Kb4 g1=Q 74. Kb5 b2 75. Rc7 Qf1+ 76. Kb6 Rc1 77. Kb7 b1=Q+ 78. Ka8 Qa6+ 79. Ra7 Rc8# 0-1


[Site "https://www.chess.com"]

[Event "Titled Tuesday Blitz November 29 Early 2022"]
[White "Jumabayev, Rinat"]
[Black "Aarav Dengla"]
[WhiteFideId "13702661"]
[BlackFideId "45059756"]
[WhiteElo "2561"]
[BlackElo "2261"]
[Result "1-0"]
[Round "01"]
[TimeControl "180+1"]
[Date "2022.11.30"]
[WhiteClock "0:01:48"]
[BlackClock "0:00:28"]

1. e3 e5 2. c4 c6 3. d4 exd4 4. exd4 d5 5. Nc3 Nf6 6. Nf3 Bd6 7. Bd3 dxc4 8. Bxc4 Qe7+ 9. Be3 Ng4 10. O-O Nxe3 11. fxe3 Qxe3+ 12. Kh1 O-O 13. Ne5 Bxe5 14. dxe5 Nd7 15. Rxf7 Rxf7 16. e6 Nf8 17. exf7+ Kh8 18. Qd8 Qc5 19. Na4 1-0


[Site "https://www.chess.com"]

[Event "Titled Tuesday Blitz November 29 Early 2022"]
[White "Kalashian, David"]
[Black "Jimenez, Joaquin"]
[WhiteFideId "13302418"]
[BlackFideId "109860"]
[WhiteElo "2490"]
[BlackElo "2163"]
[Result "1-0"]
[Round "01"]
[TimeControl "180+1"]
[Date "2022.11.30"]
[WhiteClock "0:00:03"]
[BlackClock "0:00:02"]

1. d4 Nf6 2. c4 g6 3. Nc3 Bg7 4. e4 d6 5. Be2 O-O 6. Bg5 h6 7. Bf4 Nc6 8. Nf3 Nd7 9. d5 Nce5 10. Qd2 Kh7 11. O-O Nxf3+ 12. Bxf3 Ne5 13. Be2 e6 14. Rad1 exd5 15. cxd5 Bd7 16. Be3 f5 17. f4 Nf7 18. Bd3 Qf6 19. Qc2 Rfe8 20. Bf2 Re7 21. Bg3 Rae8 22. e5 dxe5 23. fxe5 Nxe5 24. Kh1 a6 25. Be2 h5 26. Ne4 Qf8 27. Ng5+ Kh8 28. Qxc7 Bb5 29. Qc2 Bxe2 30. Qxe2 Qf6 31. Ne6 Rxe6 32. dxe6 Rxe6 33. h3 Nc6 34. Qc4 Re4 35. Qd5 Qg5 36. Bh2 Re2 37. Qf3 Rxb2 38. Bf4 Qe7 39. Qg3 Kh7 40. Rfe1 Qf6 41. Bg5 Qc3 42. Qxc3 Bxc3 43. Re6 1-0


[Site "https://www.chess.com"]

[Event "Titled Tuesday Blitz November 29 Early 2022"]
[White "Kamsky, Gata"]
[Black "Mohammed, Zozek Salah Mohammed"]
[WhiteFideId "2000024"]
[BlackFideId "4803361"]
[WhiteElo "2666"]
[BlackElo "2199"]
[Result "1-0"]
[Round "01"]
[TimeControl "180+1"]
[Date "2022.11.30"]
[WhiteClock "0:00:42"]
[BlackClock "0:00:01"]

1. d4 Nf6 2. Bf4 d5 3. e3 c5 4. c3 Qb6 5. Qb3 c4 6. Qc2 Nc6 7. Nd2 g6 8. e4 Nxe4 9. Nxe4 dxe4 10. Bxc4 Bg7 11. Ne2 O-O 12. Bd5 e5 13. dxe5 Nxe5 14. Bxe4 Nc4 15. Rb1 Re8 16. O-O Bg4 17. Ng3 h5 18. h3 Be6 19. Rfd1 Rac8 20. Qb3 Qxb3 21. axb3 Nb6 22. Bxb7 Bxb3 23. Bxc8 Bxd1 24. Rxd1 Rxc8 25. Ra1 Nc4 26. b3 Bxc3 27. Rxa7 Nd2 28. Bxd2 Bxd2 29. Ne4 Bf4 30. g3 Be5 31. Re7 Bd4 32. Rd7 Be5 33. Rd5 Bg7 34. Kg2 Rc2 35. Rd8+ Kh7 36. Ng5+ Kh6 37. Nxf7+ Kh7 38. h4 Rb2 39. Rd3 Kg8 40. Ng5 Bf8 41. Ne6 Be7 42. Nf4 Kf7 43. Rd7 Ke8 44. Rb7 Bc5 45. Nd3 Rc2 46. Rc7 1-0


[Site "https://www.chess.com"]

[Event "Titled Tuesday Blitz November 29 Early 2022"]
[White "Kashtanov, Ruslan"]
[Black "Yuan, Qingyu"]
[WhiteFideId "4124871"]
[BlackFideId "8609772"]
[WhiteElo "2276"]
[BlackElo "2359"]
[Result "1-0"]
[Round "01"]
[TimeControl "180+1"]
[Date "2022.11.30"]
[WhiteClock "0:00:16"]
[BlackClock "0:01:04"]

1. d4 Nf6 2. c4 e6 3. g3 d5 4. Bg2 dxc4 5. Qa4+ Nbd7 6. Qxc4 Bd6 7. Nh3 O-O 8. O-O a6 9. Rd1 Qe7 10. Nf4 e5 11. dxe5 Nxe5 12. Qc2 Rb8 13. Nc3 c6 14. Be3 Ng6 15. Nxg6 hxg6 16. Rxd6 Qxd6 17. Bf4 Qc5 18. Bxb8 Be6 19. Bf4 g5 20. Be3 Qa5 21. a3 Ng4 22. Bd2 Qc5 23. e3 Rd8 24. b4 Qe5 25. Be1 Bf5 26. Qc1 Bd3 27. h3 Nf6 28. Ra2 g4 29. h4 Bf5 30. Rd2 Re8 31. Rd4 Be6 32. Na4 Bd5 33. Nc5 Re7 34. Bxd5 Nxd5 35. Bc3 Qf5 36. Nd3 Qf3 37. Nf4 Nxe3 38. Rd3 g5 39. Rxe3 Rxe3 40. Qxe3 Qd1+ 41. Qe1 Qxe1+ 42. Bxe1 gxf4 43. gxf4 Kg7 44. Kg2 Kg6 45. Kg3 f5 46. f3 gxf3 47. Kxf3 Kh5 48. Ke3 Kg4 49. Bf2 b6 50. Bg3 c5 51. bxc5 bxc5 52. Kd3 Kxg3 53. h5 Kxf4 54. h6 Kg3 55. h7 f4 56. h8=Q f3 57. Qg7+ Kh2 58. Ke3 c4 59. Kf2 c3 60. Qg3+ 1-0


[Site "https://www.chess.com"]

[Event "Titled Tuesday Blitz November 29 Early 2022"]
[White "Keymer, Vincent"]
[Black "Przybylski, Wojciech"]
[WhiteFideId "12940690"]
[BlackFideId "1117599"]
[WhiteElo "2600"]
[BlackElo "2221"]
[Result "1-0"]
[Round "01"]
[TimeControl "180+1"]
[Date "2022.11.30"]
[WhiteClock "0:01:50"]
[BlackClock "0:00:01"]

1. Nf3 Nf6 2. c4 c6 3. Nc3 d5 4. e3 e6 5. b3 Nbd7 6. Bb2 Be7 7. d4 O-O 8. Bd3 b6 9. O-O Bb7 10. Qe2 c5 11. cxd5 exd5 12. Rfd1 a6 13. h3 Re8 14. Rac1 Bd6 15. Bb1 Qe7 16. dxc5 bxc5 17. Qc2 Nf8 18. Na4 Ne4 19. Qe2 Rad8 20. Bxe4 Qxe4 21. Nxc5 Bxc5 22. Rxc5 Ne6 23. Rcc1 d4 24. Qd3 Qxd3 25. Rxd3 Be4 26. Rdd1 dxe3 27. fxe3 f6 28. Kf2 Nc5 29. Rxd8 Rxd8 30. Rxc5 h5 31. Bd4 Kh7 32. Rxh5+ Kg6 33. Ra5 Rd6 34. Nd2 Bf5 35. Nc4 Rc6 36. Kf3 1-0


[Site "https://www.chess.com"]

[Event "Titled Tuesday Blitz November 29 Early 2022"]
[White "Kleiman, Jake"]
[Black "Izuzquiza Gonzalez, Javier"]
[WhiteFideId "2020041"]
[BlackFideId "3101029"]
[WhiteElo "2619"]
[BlackElo "2034"]
[Result "1-0"]
[Round "01"]
[TimeControl "180+1"]
[Date "2022.11.30"]
[WhiteClock "0:01:14"]
[BlackClock "0:00:31"]

1. e4 c5 2. c3 Nf6 3. e5 Nd5 4. Bc4 e6 5. Nf3 d6 6. d4 cxd4 7. cxd4 Be7 8. Qe2 O-O 9. O-O Nc6 10. a3 Bd7 11. Bd2 Rc8 12. Nc3 dxe5 13. dxe5 Nxc3 14. Bxc3 Qc7 15. Bd3 Rfd8 16. Qe4 g6 17. Rfd1 Na5 18. Nd4 Nc4 19. Rac1 Qxe5 20. Qxb7 Ba4 21. Nf5 Qc5 22. Nxe7+ Kf8 23. Bb4 Rc7 24. Bxc5 Rxb7 25. Nc6+ Ke8 26. Nxd8 1-0


[Site "https://www.chess.com"]

[Event "Titled Tuesday Blitz November 29 Early 2022"]
[White "Koellner, Ruben Gideon"]
[Black "Sovetbekova, Nurai"]
[WhiteFideId "12993093"]
[BlackFideId "13801910"]
[WhiteElo "2303"]
[BlackElo "1925"]
[Result "1-0"]
[Round "01"]
[TimeControl "180+1"]
[Date "2022.11.30"]
[WhiteClock "0:00:21"]
[BlackClock "0:00:09"]

1. d4 d5 2. Nf3 Nf6 3. e3 e6 4. Nbd2 c5 5. c3 Nc6 6. Bd3 Bd6 7. O-O O-O 8. dxc5 Bxc5 9. b4 Bd6 10. Bb2 e5 11. e4 Bg4 12. h3 Bh5 13. exd5 Nxd5 14. Qc2 Bg6 15. Bxg6 hxg6 16. Rfd1 Qc7 17. Ne4 Nce7 18. Qb3 Rfd8 19. c4 Nxb4 20. Nxd6 Rxd6 21. Qxb4 Rxd1+ 22. Rxd1 Nc6 23. Qd6 Qb6 24. Qa3 Na5 25. c5 Qb5 26. Bxe5 Re8 27. Bd6 Nc4 28. Qb3 Nxd6 29. cxd6 Qc6 30. Qd5 Qd7 31. Ne5 Qe6 32. Qxe6 fxe6 33. d7 Rd8 34. Rc1 Kf8 35. Rc7 Ke7 36. Rxb7 a5 37. Nc6+ 1-0


[Site "https://www.chess.com"]

[Event "Titled Tuesday Blitz November 29 Early 2022"]
[White "Koridze, Lile"]
[Black "Hristodoulou, Panagiotis"]
[WhiteFideId "13612514"]
[BlackFideId "4214340"]
[WhiteElo "2050"]
[BlackElo "2272"]
[Result "1-0"]
[Round "01"]
[TimeControl "180+1"]
[Date "2022.11.30"]
[WhiteClock "0:01:26"]
[BlackClock "0:02:27"]

1. d4 Nf6 2. c4 e6 3. Nf3 d5 4. g3 h6 5. Bg2 Be7 6. O-O O-O 7. Qc2 Nc6 8. a3 dxc4 9. Qxc4 Bd6 10. Nc3 e5 11. dxe5 Nxe5 12. Nxe5 Bxe5 13. Rd1 Qe7 14. Be3 Be6 15. Qb5 c6 16. Qxe5 1-0


[Site "https://www.chess.com"]

[Event "Titled Tuesday Blitz November 29 Early 2022"]
[White "Kosakowski, Jakub"]
[Black "Malka, Samuel"]
[WhiteFideId "1185080"]
[BlackFideId "20643675"]
[WhiteElo "2463"]
[BlackElo "2451"]
[Result "1-0"]
[Round "01"]
[TimeControl "180+1"]
[Date "2022.11.30"]
[WhiteClock "0:01:08"]
[BlackClock "0:00:11"]

1. d4 d5 2. c4 e6 3. Nc3 Nf6 4. Nf3 Nbd7 5. e3 Be7 6. Qc2 O-O 7. Be2 a6 8. cxd5 Nxd5 9. O-O N7f6 10. e4 Nxc3 11. bxc3 b6 12. e5 Nd5 13. a3 c5 14. c4 Nc7 15. Be3 Bb7 16. Rfd1 cxd4 17. Bxd4 Ne8 18. Rab1 Qc8 19. Bxb6 Bxa3 20. c5 Nc7 21. Bxc7 Qxc7 22. Qb3 Bxf3 23. Bxf3 Bxc5 24. Bxa8 Rxa8 25. Qf3 Rc8 26. Rb7 Bxf2+ 27. Kh1 Qxe5 28. Qxf7+ Kh8 29. Qxf2 1-0


[Site "https://www.chess.com"]

[Event "Titled Tuesday Blitz November 29 Early 2022"]
[White "Kovacevic, Radmila"]
[Black "Richter, Paul"]
[WhiteFideId "933171"]
[BlackFideId "2046350"]
[WhiteElo "2208"]
[BlackElo "2547"]
[Result "0-1"]
[Round "01"]
[TimeControl "180+1"]
[Date "2022.11.30"]
[WhiteClock "0:00:03"]
[BlackClock "0:00:12"]

1. e4 c5 2. Be2 Nc6 3. f4 d5 4. d3 dxe4 5. dxe4 Qxd1+ 6. Bxd1 e5 7. c3 Bd6 8. f5 Nf6 9. Bc2 b6 10. Nf3 Bb7 11. O-O O-O-O 12. Na3 Bc7 13. Bg5 h6 14. Bh4 Rd7 15. Bxf6 gxf6 16. Rfd1 Rhd8 17. Rxd7 Rxd7 18. Rd1 Rxd1+ 19. Bxd1 a6 20. Nc4 b5 21. Ne3 c4 22. Ng4 b4 23. Bc2 bxc3 24. bxc3 Ba5 25. Nd2 Bxc3 26. Nxc4 Nd4 27. Bd3 Bb4 28. Nxf6 Nc6 29. Ng8 Bf8 30. Nf6 a5 31. Nd5 Kd8 32. Nxe5 Nxe5 33. Bb1 Bxd5 34. exd5 Kd7 35. Kf2 Kd6 36. Kg3 Kxd5 37. Kh4 Be7+ 38. Kh5 Bg5 39. h4 Bd2 40. g4 f6 41. Bc2 Kd4 42. Bb3 Kc3 43. Be6 Kd4 44. Bg8 Ke4 45. Be6 Kf4 46. g5 hxg5 47. hxg5 fxg5 48. f6 g4 49. Bxg4 Nxg4 50. f7 Bb4 51. Kg6 Ne3 52. Kf6 Nd1 53. Ke6 Nc3 54. Kd7 Nxa2 55. Kc6 Nc3 56. Kb6 a4 57. f8=Q+ Bxf8 58. Ka5 a3 0-1


[Site "https://www.chess.com"]

[Event "Titled Tuesday Blitz November 29 Early 2022"]
[White "Kuzmin, Roman"]
[Black "Ozen, Bahadir"]
[WhiteFideId "44134932"]
[BlackFideId "6337058"]
[WhiteElo "2197"]
[BlackElo "2503"]
[Result "0-1"]
[Round "01"]
[TimeControl "180+1"]
[Date "2022.11.30"]
[WhiteClock "0:00:03"]
[BlackClock "0:00:19"]

1. e4 d6 2. d4 Nf6 3. Nc3 Nbd7 4. Nf3 e5 5. Bc4 Be7 6. O-O O-O 7. Re1 c6 8. a4 exd4 9. Nxd4 Nc5 10. b4 Ncd7 11. Nf5 Ne5 12. Nxe7+ Qxe7 13. Bb3 Be6 14. f4 Ned7 15. Nd5 cxd5 16. exd5 Nxd5 17. Bxd5 Nf6 18. Bf3 Qd8 19. b5 a6 20. Be3 d5 21. Qd3 axb5 22. axb5 Qc7 23. b6 Qd7 24. Bd4 Bf5 25. Qc3 Ne4 26. Qb2 f6 27. Ra7 Rac8 28. Qb3 Kh8 29. h3 Nd2 30. Qe3 Nxf3+ 31. Qxf3 Rxc2 32. Qa3 Rg8 33. Ra8 Rxa8 34. Qxa8+ Rc8 35. Qa3 Be4 36. Rc1 h6 37. Rxc8+ Qxc8 38. Qc5 Qa8 39. Qc3 Kh7 40. Kh2 Qa2 41. Qg3 Qd2 42. Qf2 Qd3 43. Qe3 Qf1 44. Qf2 Qd1 45. Bc5 h5 46. Bd4 Kg6 47. Bc5 Kf7 48. Bd4 Qc1 49. Bc5 Ke6 50. Be3 Qd1 51. Bd4 Kd7 52. Bc5 Kc6 53. Bd4 Qd3 54. Qe3 Qxe3 55. Bxe3 Kb5 56. Kg3 Kc4 57. Kf2 d4 58. Bd2 Kb5 59. g4 hxg4 60. hxg4 Kxb6 61. g5 Kc5 62. gxf6 gxf6 63. Ke2 Kc4 64. Kd1 b5 65. Kc1 b4 66. Kb2 b3 67. Ba5 Bd5 68. Bd8 f5 69. Bf6 Kd3 70. Be5 Be6 71. Kc1 Kc3 72. Kb1 Bd5 73. Bf6 Be4+ 0-1


[Site "https://www.chess.com"]

[Event "Titled Tuesday Blitz November 29 Early 2022"]
[White "Kuznetsov, Mikhail"]
[Black "Gorodetzky, David"]
[WhiteFideId "4117190"]
[BlackFideId "2813416"]
[WhiteElo "1981"]
[BlackElo "2497"]
[Result "0-1"]
[Round "01"]
[TimeControl "180+1"]
[Date "2022.11.30"]
[WhiteClock "0:00:01"]
[BlackClock "0:00:10"]

1. Nf3 Nf6 2. g3 b5 3. Bg2 Bb7 4. O-O c5 5. d3 d6 6. e4 e6 7. Nc3 Be7 8. Nxb5 Nc6 9. Nc3 O-O 10. Ne2 Rb8 11. Nd2 d5 12. Nf4 Qd6 13. Re1 Rfd8 14. b3 dxe4 15. Nxe4 Nxe4 16. Bxe4 Bf6 17. Rb1 Nb4 18. Bxb7 Rxb7 19. Bb2 Bxb2 20. Rxb2 e5 21. Ne2 e4 22. a3 Qf6 23. Ra2 Nd5 24. c4 exd3 25. cxd5 dxe2 26. Raxe2 g6 27. Re8+ Rxe8 28. Rxe8+ Kg7 29. Re2 Qc3 30. Re3 Qb2 31. d6 Rd7 32. a4 h5 33. Rd3 a6 34. Kg2 Qe5 35. Qd2 Qe4+ 36. Kg1 Qe5 37. Qc3 Kf6 38. Qxe5+ Kxe5 39. Rc3 Kd4 40. Rc4+ Kd5 0-1


[Site "https://www.chess.com"]

[Event "Titled Tuesday Blitz November 29 Early 2022"]
[White "Kuznetsova, Olga"]
[Black "Ibarra Jerez, Jose Carlos"]
[WhiteFideId "4191323"]
[BlackFideId "2226332"]
[WhiteElo "2134"]
[BlackElo "2638"]
[Result "0-1"]
[Round "01"]
[TimeControl "180+1"]
[Date "2022.11.30"]
[WhiteClock "0:01:13"]
[BlackClock "0:01:36"]

1. d4 Nf6 2. Bg5 d5 3. Bxf6 gxf6 4. Nd2 c5 5. e3 e5 6. c3 Nc6 7. Nb3 cxd4 8. exd4 e4 9. g3 f5 10. Nh3 Bh6 11. Nc1 f4 12. Nxf4 Bxf4 13. gxf4 Qh4 14. Qd2 Bg4 15. Be2 O-O-O 16. Bxg4+ Qxg4 17. Ne2 Na5 18. b3 Qf3 19. O-O-O Qxf2 20. Rdf1 Qh4 21. Qe3 Rhg8 22. Ng3 Qh3 23. Kb2 h5 24. Re1 h4 25. Nf1 Rg2+ 26. Nd2 Qxe3 27. Rxe3 Rxd2+ 0-1


[Site "https://www.chess.com"]

[Event "Titled Tuesday Blitz November 29 Early 2022"]
[White "Kvaloy, Aksel Bu"]
[Black "Timofeev, Artyom"]
[WhiteFideId "1528815"]
[BlackFideId "4140419"]
[WhiteElo "2184"]
[BlackElo "2586"]
[Result "0-1"]
[Round "01"]
[TimeControl "180+1"]
[Date "2022.11.30"]
[WhiteClock "0:00:17"]
[BlackClock "0:00:20"]

1. d4 Nf6 2. c4 g6 3. Nc3 d5 4. cxd5 Nxd5 5. Bd2 Bg7 6. e4 Nb6 7. Be3 O-O 8. Nf3 Bg4 9. Be2 Nc6 10. d5 Bxf3 11. Bxf3 Ne5 12. Be2 Nec4 13. Bc1 c6 14. O-O cxd5 15. Nxd5 Nxb2 16. Qb3 Nd3 17. Bxd3 Nxd5 18. Bb2 Bxb2 19. Qxb2 Nf4 20. Bc4 Rc8 21. Rac1 Qb6 22. Qxb6 axb6 23. g3 Ne6 24. Bxe6 fxe6 25. Rb1 Rc6 26. Rb5 Ra8 27. Rfb1 Ra6 28. R1b2 Kf7 29. Kg2 Ke8 30. Rd2 Ra5 31. Rb3 b5 32. Rbd3 Rca6 33. Rd8+ Kf7 34. R2d7 Ra7 35. Rc8 b6 36. Rxa7 Rxa7 37. Rc2 Ra4 38. Kf3 Kf6 39. Rb2 b4 40. Ke3 e5 41. Kd3 b5 42. Kc2 Ra3 43. Kd2 Ke6 44. Ke1 Ra4 45. Ke2 Kd6 46. Kd3 Kc5 47. Rc2+ Kb6 48. Rb2 Ra3+ 49. Ke2 Kc5 50. f3 Kc4 51. Rd2 Kc3 52. Rd3+ Kb2 53. Rd2+ Kb1 54. Rd5 Rxa2+ 55. Ke3 b3 56. Rxb5 Kc2 57. Rc5+ Kd1 58. Rd5+ Kc1 59. Rc5+ Rc2 60. Rxe5 b2 61. Rb5 b1=Q 62. Rxb1+ Kxb1 63. Kd4 Rxh2 64. Ke5 Rh3 65. f4 Rxg3 66. f5 gxf5 67. exf5 h5 68. Ke6 Re3+ 69. Kf7 h4 70. f6 exf6 0-1


[Site "https://www.chess.com"]

[Event "Titled Tuesday Blitz November 29 Early 2022"]
[White "Lehtosaari, Mauri"]
[Black "Van Foreest, Jorden"]
[WhiteFideId "501999"]
[BlackFideId "1039784"]
[WhiteElo "2500"]
[BlackElo "2661"]
[Result "0-1"]
[Round "01"]
[TimeControl "180+1"]
[Date "2022.11.30"]
[WhiteClock "0:00:15"]
[BlackClock "0:02:38"]

1. d4 g6 2. Nf3 Bg7 3. e3 d6 4. Bc4 Nd7 5. O-O e5 6. a4 Qe7 7. Ba2 e4 8. Nfd2 f5 9. c4 Ngf6 10. Nc3 O-O 11. Nb5 c6 12. Nxd6 Kh8 13. c5 a5 14. f4 exf3 15. Nxf3 b6 16. Qc2 Ba6 17. Re1 bxc5 18. dxc5 Ne4 19. Nxe4 fxe4 20. Nd4 Nxc5 21. Nxc6 Qf6 22. Bd2 Qxc6 23. Rac1 Qf6 24. Bc3 Qb6 25. Bxg7+ Kxg7 26. Qxc5 Qxb2 27. Qe7+ Kh8 28. Bd5 Rae8 29. Qd6 Rc8 30. Rb1 Qf2+ 31. Kh1 Bd3 32. Qe5+ Qf6 33. Qxf6+ Rxf6 34. Ra1 Rc5 35. Bb7 Rb6 36. Ba8 Rb8 37. Bxe4 Bxe4 0-1


[Site "https://www.chess.com"]